 Dungeon Crawl Stone Soup version 0.18.1-48-g4cf74bf (webtiles) character file.

11894 vonhedlund the Fighter (level 11, -3/104 HPs)
             Began as a Hill Orc Gladiator on Aug 25, 2016.
             Was the Champion of Okawaru.
             Slain by a black mamba (6 damage)
             ... on level 2 of the Lair of Beasts on Aug 29, 2016.
             The game lasted 01:09:02 (12768 turns).

vonhedlund the Fighter (Hill Orc Gladiator)        Turns: 12768, Time: 01:09:02

Health: -3/104     AC: 11    Str: 20    XL:     11   Next: 84%
Magic:  11/11      EV: 12    Int:  8    God:    Okawaru [******]
Gold:   1247       SH:  0    Dex: 11    Spells: 0 memorised, 10 levels left

rFire  . . .     SeeInvis .     a - +7 rapier "Netoloqi" {venom, *Noise rPois rC+++ Str-2}
rCold  + + +     Gourm    .     J - +0 leather armour
rNeg   . . .     Faith    .     (no shield)
rPois  +         Spirit   .     i - +2 helmet
rElec  .         Dismiss  .     L - +1 cloak
rCorr  .         Reflect  .     I - +0 pair of gloves
SustAt .         Harm     .     (no boots)
MR     .....                    (no amulet)
Stlth  ++++......               (no ring)
                                (no ring)

@: lethally poisoned (-3 -> -33), about to teleport, not resistant to hostile
enchantments, stealthy
A: no striking features
a: Heroism, Finesse, Renounce Religion


You were on level 2 of the Lair of Beasts.
You worshipped Okawaru.
Okawaru was exalted by your worship.
You were not hungry.

You visited 2 branches of the dungeon, and saw 13 of its levels.
You also visited: Ice Cave.

You collected 1247 gold pieces.

Inventory:

Hand Weapons
 a - the +7 rapier "Netoloqi" (weapon) {venom, *Noise rPois rC+++ Str-2}
   (You found it on level 7 of the Dungeon)

   It poisons the flesh of those it strikes.
   It affects your strength (-2).
   It renders you almost immune to cold.
   It protects you from poison.
   It may make noises in combat.
 b - a +0 shortbow
 w - a +3 battleaxe of chopping
 R - a +0 hand crossbow
Missiles
 d - 4 throwing nets (quivered)
 t - 201 arrows
 C - 39 bolts
Armour
 i - a +2 helmet (worn)
 I - a +0 pair of gloves (worn)
 J - a +0 leather armour (worn)
 L - a +1 cloak (worn)
 Q - a +0 chain mail of magic resistance
Jewellery
 H - a +2 ring of dexterity {unknown}
Wands
 z - a wand of confusion (40/48)
 A - a wand of heal wounds (1/9)
 E - a wand of disintegration (4/24)
 K - a wand of slowing (7/48)
Scrolls
 k - 3 scrolls of fear
 l - 3 scrolls of teleportation
 m - 2 scrolls of enchant weapon
 n - a scroll of vulnerability {unknown}
 o - 2 scrolls of identify
 u - 2 scrolls of blinking {unknown}
 v - 4 scrolls of magic mapping
 y - a scroll of recharging {unknown}
 U - 2 scrolls of torment
 X - 3 scrolls of remove curse
Potions
 c - 4 potions of lignification {unknown}
 e - 3 potions of magic {unknown}
 g - 3 potions of cancellation {unknown}
 j - a potion of flight {unknown}
 p - 2 potions of heal wounds {unknown}
 r - 3 potions of mutation {unknown}
 s - 4 potions of curing
 F - 2 potions of might {unknown}
 G - a potion of ambrosia {unknown}
 M - a potion of cure mutation {unknown}
 V - 3 potions of berserk rage {unknown}
 W - a potion of degeneration {unknown}
 Z - 3 potions of beneficial mutation {unknown}
Books
 q - a book of Fire

   Spells                             Type                      Level
   a - Ignite Poison                  Fire/Transmutation/Poison    3
   b - Fireball                       Conjuration/Fire             5
   c - Bolt of Fire                   Conjuration/Fire             6
   d - Delayed Fireball               Conjuration/Fire             7
   e - Ring of Flames                 Charms/Fire                  7
Comestibles
 f - 8 bread rations
 h - 9 beef jerkies
 B - a meat ration


   Skills:
 - Level 12.3 Fighting
 - Level 4.0 Axes
 - Level 4.2 Bows
 - Level 1.7 Throwing
 + Level 10.5 Armour
 - Level 2.4 Dodging
 - Level 10.0 Stealth


You had 10 spell levels left.
You didn't know any spells.

Dungeon Overview and Level Annotations

Branches:
Dungeon (11/15)            Temple (0/1) D:4            Lair (2/8) D:10
    Orc: D:9-12

Altars:
Elyvilon
Kikubaaqudgha
Nemelex Xobeh
Okawaru
Qazlal
Ru
Sif Muna
Trog
Vehumet
Xom
Zin
The Shining One

Shops:
D:6 ?   D:7 *

Annotations:
D:6 ThereIsNoGod's ghost, novice MiGl


Message History

* * * LOW HITPOINT WARNING * * *
You are lethally poisoned!
The spiny frog poisons you! The black mamba closely misses you.
The spiny frog stings you.
* * * LOW HITPOINT WARNING * * *
Read which item? (? for menu, Esc to quit)
As you read the scroll of teleportation, it crumbles to dust.
You feel strangely unstable.
* * * LOW HITPOINT WARNING * * *
You feel very sick. The black mamba barely misses you.
The black mamba bites you!
* * * LOW HITPOINT WARNING * * *
The spiny frog completely misses you.
* * * LOW HITPOINT WARNING * * *
You feel very sick.
The black mamba bites you but does no damage.
* * * LOW HITPOINT WARNING * * *
You feel very sick. The black mamba bites you.
You die...

.......................#..#
#.....................##.## ###
#..P#.................##..# ###.P
##...#................#...###....
#..###...............#.#.#......
#...##.#...........#.#..#.....<.
#...#####..........#...#........
###P...###P######...##(.#........
#..>....#####.8.@..##...##.......
.#......####...FS#.#P............
..........##8.<.8##S.............
...........#.....#..P.#....P#.###
.P.........##....##.#.##...P### #
..###..#...##.+#(#####.###..#*
..##.....###..,...#*,,...#...#
..#.###.#.#...,.#...*,,#..#..#*
#...........#.,.*....,,,......*


You could see 2 black mambas and a spiny frog.

Vanquished Creatures
  3 hill giants
  4 spiny frogs
  A polar bear (Lair:2)
  11 yaks
  A hippogriff (Lair:1)
  2 basilisks
  8 water moccasins
  Duvessa (D:7)
  2 porcupines
  5 orc warriors
  3 sky beasts
  A black bear (D:9)
  An eye of draining (D:10)
  5 phantoms
  2 ice beasts
  7 ogres
  5 centaurs
  2 wolves
  3 crocodiles
  A big kobold (D:9)
  10 giant frogs
  Dowan (D:7)
  2 scorpions
  8 killer bees
  5 wights
  2 howler monkeys
  2 crimson imps
  4 jellies
  3 centaur zombies
  An orc priest (D:10)
  3 giant frog skeletons
  3 hounds
  2 orc wizards
  2 iguanas (Lair:1)
  9 worker ants
  2 hound zombies
  2 hound skeletons
  2 worker ant zombies (D:8)
  17 adders
  23 river rats
  3 shadow imps
  2 oozes (D:2)
  2 adder skeletons (D:7)
  An adder zombie (D:9)
  5 worms
  A dart slug (D:2)
  3 giant geckos
  24 orcs
  4 giant cockroaches
  7 goblins
  4 hobgoblins
  14 jackals
  5 quokkas
  18 bats
  A giant gecko skeleton (D:6)
  6 giant newts
  13 kobolds
  A quokka zombie (D:7)
  20 rats
  A butterfly (D:5)
306 creatures vanquished.

Vanquished Creatures (others)
  An ogre (D:7)
  A butterfly (D:5)
  A fungus (D:10)
  A plant (D:10)
4 creatures vanquished.

Grand Total: 310 creatures vanquished

Notes
Turn   | Place    | Note
--------------------------------------------------------------
     0 | D:1      | vonhedlund the Hill Orc Gladiator began the quest for the Orb.
     0 | D:1      | Reached XP level 1. HP: 18/18 MP: 1/1
    97 | D:1      | You fall through a shaft!
   163 | D:2      | Reached skill level 3 in Fighting
   166 | D:2      | Reached XP level 2. HP: 13/26 MP: 2/2
   510 | D:2      | Reached skill level 4 in Fighting
   510 | D:2      | Reached XP level 3. HP: 20/33 MP: 3/3
  1044 | D:2      | Reached skill level 5 in Fighting
  1044 | D:2      | Reached XP level 4. HP: 18/42 MP: 4/4
  2131 | D:3      | Found a deep blue altar of Sif Muna.
  2149 | D:3      | Reached skill level 6 in Fighting
  2149 | D:3      | Reached XP level 5. HP: 47/50 MP: 5/5
  2942 | D:4      | Found a staircase to the Ecumenical Temple.
  3050 | D:4      | Found a sand-covered staircase.
  3216 | D:4      | Found an iron altar of Okawaru.
  3260 | D:4      | Reached skill level 7 in Fighting
  3280 | D:4      | Became a worshipper of Warmaster Okawaru
  3413 | D:4      | Noticed an ogre
  3551 | D:4      | Reached XP level 6. HP: 57/60 MP: 6/6
  3736 | D:4      | Reached skill level 8 in Fighting
  4062 | D:4      | Reached XP level 7. HP: 63/69 MP: 7/7
  4098 | D:5      | Entered Level 5 of the Dungeon
  4098 | D:5      | Found a shimmering altar of Xom.
  4136 | D:5      | Found a white marble altar of Elyvilon.
  4312 | D:5      | Reached skill level 9 in Fighting
  4314 | D:5      | Reached * piety under Okawaru
  4800 | D:5      | Found a sparkling altar of Nemelex Xobeh.
  4847 | D:5      | Reached skill level 10 in Fighting
  5116 | D:6      | Found an iron altar of Okawaru.
  5168 | D:6      | Reached XP level 8. HP: 65/81 MP: 8/8
  5178 | D:6      | Noticed ThereIsNoGod's ghost (novice MiGl)
  5303 | D:6      | Reached ** piety under Okawaru
  5303 | D:6      | Reached skill level 11 in Fighting
  5388 | D:6      | Found Ceitwox's Magic Scroll Boutique.
  5402 | D:6      | Found a sacrificial altar of Ru.
  6005 | D:7      | Noticed Dowan
  6006 | D:7      | Noticed Duvessa
  6007 | D:7      | Got a warped rapier
  6040 | D:6      | Identified the +7 rapier "Netoloqi" {venom, *Noise rPois rC+++ Str-2} (You found it on level 7 of the Dungeon)
  6110 | D:7      | Killed Duvessa
  6110 | D:7      | Reached skill level 12 in Fighting
  6113 | D:7      | Killed Dowan
  6151 | D:7      | Found a bloodstained altar of Trog.
  6154 | D:7      | Found a glowing golden altar of the Shining One.
  6157 | D:7      | Found an ancient bone altar of Kikubaaqudgha.
  6160 | D:7      | Found a stormy altar of Qazlal.
  6225 | D:7      | Found Boudgh's Assorted Antiques.
  6241 | D:7      | Reached skill level 1 in Armour
  6250 | D:7      | Noticed a hill giant
  6315 | D:6      | Reached XP level 9. HP: 23/90 MP: 9/9
  6707 | D:7      | Killed a hill giant
  6707 | D:7      | Reached *** piety under Okawaru
  6900 | D:8      | Reached skill level 1 in Stealth
  7274 | D:8      | Reached **** piety under Okawaru
  7379 | D:8      | Reached skill level 5 in Stealth
  7518 | D:8      | Found a glowing silver altar of Zin.
  7618 | D:8      | Reached XP level 10. HP: 74/97 MP: 10/10
  8622 | D:9      | Reached ***** piety under Okawaru
  9109 | D:10     | Entered Level 10 of the Dungeon
  9122 | D:10     | Noticed a hill giant
  9362 | D:9      | Found a radiant altar of Vehumet.
  9495 | D:10     | Noticed a hill giant
  9597 | D:11     | Noticed a white ugly thing
  9940 | D:11     | Noticed a red ugly thing
  9998 | D:11     | Noticed a cyclops
 10401 | D:10     | Killed a hill giant
 10401 | D:10     | Reached skill level 10 in Stealth
 10422 | D:10     | Reached skill level 1 in Bows
 10422 | D:10     | Reached XP level 11. HP: 104/104 MP: 11/11
 10535 | D:10     | Killed a hill giant
 10535 | D:10     | Received a gift from Okawaru
 10774 | D:10     | Found a staircase to the Lair.
 11179 | Lair:1   | Entered Level 1 of the Lair of Beasts
 12062 | Lair:2   | Found a frozen archway.
 12206 | IceCv    | Entered an ice cave
 12226 | IceCv    | Reached skill level 10 in Armour
 12457 | Lair:2   | Reached ****** piety under Okawaru
 12768 | Lair:2   | HP: 3/104 [poisoned by a spiny frog]
 12768 | Lair:2   | Slain by a black mamba

Skill      XL: |  1  2  3  4  5  6  7  8  9 10 11 |
---------------+----------------------------------+-----
Fighting       | 3 4 5 6 7 8 10 12 | 12.3
Armour         | 3 6 10 | 10.5
Stealth        | 5 10 | 10.0
Bows           | 1 4 |  4.2
Axes           | |  4.0
Throwing       | |  1.7
Dodging        | |  2.4

Action                   |  1- 3 |  4- 6 |  7- 9 | 10-12 || total
-------------------------+-------+-------+-------+-------++-------
Melee: War axe           |   119 |   166 |   165 |       ||   450
       Rapier            |       |       |   152 |   404 ||   556
       Punch             |       |       |     1 |       ||     1
       Battleaxe         |       |       |       |    48 ||    48
 Fire: Shortbow          |       |       |     4 |    26 ||    30
Invok: Heroism           |       |       |     1 |       ||     1
Evoke: Wand              |       |       |       |     4 ||     4
  Use: Scroll            |       |       |     1 |    15 ||    16
       Potion            |       |       |       |     1 ||     1
 Stab: Distracted        |       |       |     1 |     2 ||     3
       Sleeping          |       |       |     3 |    15 ||    18
  Eat: Chunk             |     1 |     9 |     9 |    12 ||    31
       Pizza             |       |       |     1 |       ||     1
       Fruit             |       |       |     2 |     4 ||     6
       Beef jerky        |       |       |       |     1 ||     1
Armor: Leather armour    |    35 |    44 |   119 |   205 ||   403
Dodge: Dodged            |    85 |   126 |   269 |   378 ||   858
